 Dungeon Crawl Stone Soup version 0.29-a0-495-g17b79114eb (webtiles) character file.

Game seed: 13833770605379261938

404230 Zonian the Black Belt (level 23, -10/183 HPs)
             Began as a Gnoll Ice Elementalist on May 24, 2022.
             Was the Champion of Fedhas.
             Hit by a large rock thrown by a stone giant (42 damage)
             ... on level 5 of the Vaults on May 27, 2022.
             The game lasted 05:23:24 (82281 turns).

Zonian the Black Belt (Gnoll Ice Elementalist)     Turns: 82281, Time: 05:23:25

Health: -10/183    AC: 19    Str: 14    XL:     23   Next: 37%
Magic:  25/43      EV: 18    Int: 25    God:    Fedhas [******]
Gold:   1566       SH: 14    Dex: 15    Spells: 5/54 levels left

rFire   + + +      SeeInvis .   H - +8 autumn katana {vorpal, manifold assault}
rCold   + . .      Faith    .   I - +1 buckler
rNeg    . . .      Spirit   .   J - +4 ring mail {rC+}
rPois   +          Reflect  +   F - +2 hat {Will+}
rElec   .          Harm     .   v - scarf {repulsion}
rCorr   .          Rampage  .   M - +0 pair of gloves {infuse}
Will    ++...                   A - +2 pair of boots
Stlth   +++++.....              G - amulet of reflection
HPRegen 0.40/turn               u - ring "Ciodd" {Drain rPois rF+++ Slay+5}
MPRegen 0.28/turn               L - ring "Taxzatun" {+Blink rPois Int+6 Slay+3 Stlth-}

@: hasted, studying Unarmed Combat, repel missiles, very quick
A: fangs 1, strong nose, distributed training, strong 1, MP-powered wands
}: 2/15 runes: serpentine, barnacled
a: Renounce Religion, Evoke Blink, Wall of Briars, Grow Ballistomycete,
Overgrow, Grow Oklob


You were on level 5 of the Vaults.
You worshipped Fedhas.
Fedhas was exalted by your worship.
You visited 7 branches of the dungeon, and saw 39 of its levels.

You collected 4767 gold pieces.
You spent 3201 gold pieces at shops.

Inventory:

Hand Weapons
 a - the +11 rapier "Sasybeah" {vorpal, rElec Str-5 Int+8 Stlth-}
   (You took it off a deep elf high priest on level 3 of the Elven Halls)

   It inflicts extra damage upon your enemies.
   Str:       It affects your strength (-5).
   Int:       It affects your intelligence (+8).
   rElec:     It insulates you from electricity.
   Stlth:     It makes you less stealthy.
 h - the +5 hand crossbow of the Ancient Knaves {speed, Will+ SInv}
   (You found it on level 2 of the Lair of Beasts)

   Attacks with this weapon are significantly faster.
   SInv:      It lets you see invisible.
   Will:      It increases your willpower.
 i - a +7 dagger of venom
 r - the +9 scimitar of Qazlal's Outrage {drain, rPois Int+4}
   (You bought it in a shop on level 3 of the Vaults)

   A truly terrible weapon, it drains the life of any living foe it strikes.
   Int:       It affects your intelligence (+4).
   rPois:     It protects you from poison.
 z - the +8 mithril axe "Arga" {speed, Will+}
   (You found it on level 2 of the Shoals)

   Attacks with this weapon are significantly faster.
   Will:      It increases your willpower.
 C - a +9 scimitar of holy wrath
 D - the +6 demon trident of Exquisite Torment {elec, rPois rF+ Will+}
   (You found it on level 1 of the Snake Pit)

   It occasionally discharges a powerful burst of electricity upon striking a
   foe.
   rF:        It protects you from fire.
   rPois:     It protects you from poison.
   Will:      It increases your willpower.
 H - the +8 autumn katana (weapon) {vorpal, manifold assault}
   (You found it on level 2 of the Snake Pit)

   It sometimes launches melee attacks against multiple visible enemies.
 O - the +6 morningstar "Nenogg" {flame, rPois rF+ Str+4}
   (You found it on level 7 of the Dungeon)

   It burns those it strikes, dealing additional fire damage.
   Str:       It affects your strength (+4).
   rF:        It protects you from fire.
   rPois:     It protects you from poison.
Missiles
 f - 16 javelins
 p - 7 silver javelins
Armour
 v - a scarf of repulsion (worn)
 A - a +2 pair of boots (worn)
 F - a +2 hat of willpower (worn)
 I - a +1 buckler (worn)
 J - a +4 ring mail of cold resistance (worn)
 M - a +0 pair of gloves of infusion (worn)
 R - the +1 chain mail "Xeenimat" {rC++ Str+2 Stlth+}
   (You bought it in a shop on level 1 of the Vaults)

   Str:       It affects your strength (+2).
   rC:        It greatly protects you from cold.
   Stlth:     It makes you more stealthy.
Jewellery
 n - the ring of Bin Zerukki {Fly rF+ rN+ rCorr Int+2}
   (You bought it in a shop on level 2 of the Snake Pit)

   [ring of protection from fire]

   Int:       It affects your intelligence (+2).
   rF:        It protects you from fire.
   rN:        It protects you from negative energy.
   Fly:       It grants you flight.
   rCorr:     It protects you from acid and corrosion.
 u - the ring "Ciodd" (left hand) {Drain rPois rF+++ Slay+5}
   (You found it on level 5 of the Dungeon)

   [ring of poison resistance]

   Slay:      It affects your accuracy & damage with ranged weapons and melee
   (+5).
   rF:        It renders you almost immune to fire.
   rPois:     It protects you from poison.
   Drain:     It drains your maximum health when unequipped.
 G - an amulet of reflection (around neck)
 L - the ring "Taxzatun" (right hand) {+Blink rPois Int+6 Slay+3 Stlth-}
   (You took it off an orc warrior on level 7 of the Dungeon)

   [ring of intelligence]

   Int:       It affects your intelligence (+6).
   Slay:      It affects your accuracy & damage with ranged weapons and melee
   (+3).
   rPois:     It protects you from poison.
   +Blink:    It lets you blink.
   Stlth:     It makes you less stealthy.
Wands
 l - a wand of acid (1)
 m - a wand of mindburst (11)
 w - a wand of iceblast (12)
 N - a wand of digging (5)
 V - a wand of paralysis (4)
Scrolls
 d - 10 scrolls of fear
 g - 3 scrolls of poison
 k - 2 scrolls of blinking
 y - 2 scrolls of magic mapping
 S - 11 scrolls of teleportation
 U - 2 scrolls of fog
 Z - 3 scrolls of silence
Potions
 e - 2 potions of resistance
 o - a potion of invisibility
 q - 2 potions of might
 x - a potion of cancellation
 B - 4 potions of curing
 E - 5 potions of brilliance
 K - 4 potions of berserk rage
 Q - a potion of heal wounds
 T - 13 potions of flight
 X - 5 potions of haste
Miscellaneous
 c - a box of beasts
 s - a lightning rod (4/4)
 W - a tin of tremorstones (inert)
 Y - a phantom mirror


   Skills:
 + Level 15.6 Fighting
 + Level 15.6 Short Blades
 + Level 15.6 Long Blades
 + Level 15.6 Axes
 + Level 15.6 Maces & Flails
 + Level 15.6 Polearms
 + Level 15.6 Staves
 + Level 15.6 Slings
 + Level 15.6 Bows
 + Level 15.6 Crossbows
 + Level 15.6 Throwing
 + Level 15.6 Armour
 + Level 16.2 Dodging
 + Level 16.1 Stealth
 + Level 15.6 Shields
 + Level 17.5 Unarmed Combat
 + Level 16.3 Spellcasting
 + Level 13.3 Conjurations
 + Level 13.3 Hexes
 + Level 13.3 Summonings
 + Level 13.3 Necromancy
 + Level 13.3 Translocations
 + Level 13.3 Transmutations
 + Level 13.3 Fire Magic
 + Level 14.9 Ice Magic
 + Level 13.3 Air Magic
 + Level 13.3 Earth Magic
 + Level 13.3 Poison Magic
 + Level 17.0 Invocations
 + Level 15.6 Evocations


You had 5 spell levels left.
You knew the following spells:

 Your Spells              Type           Power      Damage    Failure   Level
a - Freeze                Ice            100%       1d11      0%          1
b - Frozen Ramparts       Ice            100%       1d12      1%          3
c - Ozocubu's Armour      Ice            76%        N/A       1%          3
d - Hailstorm             Conj/Ice       74%        3d15      1%          4
e - Manifold Assault      Tloc           72%        N/A       1%          5
f - Iskenderun's Mystic   Conj/Tloc      72%        2d15      1%          4
g - Sticky Flame          Conj/Fire      72%        2d9       1%          4
h - Dispel Undead         Necr           72%        3d24      1%          4
i - Airstrike             Air            36%        N/A       1%          4
j - Lee's Rapid Deconstr  Erth           36%        3d19*     1%          5
k - Iron Shot             Conj/Erth      36%        9d7       3%          6
l - Statue Form           Tmut/Erth      48%        N/A       3%          6

Your spell library contained the following spells:

 Spells                   Type           Power      Damage    Failure   Level
 Apportation              Tloc           100%       N/A       1%          1
 Necrotize                Necr           100%       1d9       1%          1
 Sandblast                Erth           100%       2d20      1%          1
 Shock                    Conj/Air       100%       1d9       1%          1
 Slow                     Hex            100%       N/A       1%          1
 Summon Small Mammal      Summ           100%       N/A       1%          1
 Blink                    Tloc           100%       N/A       1%          2
 Ensorcelled Hibernation  Hex/Ice        100%       N/A       1%          2
 Passwall                 Tmut/Erth      60%        N/A       1%          2
 Static Discharge         Conj/Air       72%        N/A       1%          2
 Sublimation of Blood     Necr           72%        N/A       1%          2
 Wereblood                Tmut           72%        N/A       1%          2
 Call Canine Familiar     Summ           72%        N/A       1%          3
 Confusing Touch          Hex            72%        N/A       1%          3
 Conjure Flame            Conj/Fire      72%        6-21      1%          3
 Dazzling Flash           Conj/Hex       100%       N/A       1%          3
 Gell's Gravitas          Tloc           72%        N/A       1%          3
 Ignite Poison            Fire/Tmut/Pois 72%        N/A       1%          3
 Lesser Beckoning         Tloc           72%        N/A       1%          3
 Portal Projectile        Hex/Tloc       100%       N/A       1%          3
 Stone Arrow              Conj/Erth      100%       3d13      1%          3
 Summon Guardian Golem    Hex/Summ       72%        N/A       1%          3
 Swiftness                Air            72%        N/A       1%          3
 Teleport Other           Tloc           72%        N/A       1%          3
 Tukima's Dance           Hex            72%        N/A       1%          3
 Vampiric Draining        Necr           72%        2d11      1%          3
 Cause Fear               Hex            36%        N/A       1%          4
 Corpse Rot               Necr/Pois/Air  72%        N/A       1%          4
 Fulminant Prism          Conj/Hex       36%        3d18      1%          4
 Ice Form                 Ice/Tmut       74%        N/A       1%          4
 Leda's Liquefaction      Hex/Erth       36%        N/A       1%          4
 Passage of Golubria      Tloc           72%        N/A       1%          4
 Petrify                  Tmut/Erth      72%        N/A       1%          4
 Summon Ice Beast         Ice/Summ       74%        N/A       1%          4
 Summon Lightning Spire   Summ/Air       72%        N/A       1%          4
 Alistair's Intoxication  Tmut/Pois      48%        N/A       1%          5
 Freezing Cloud           Conj/Ice/Air   37%        6-21      1%          5
 Iskenderun's Battlesphe  Conj           72%        2d12      1%          5
 Lightning Bolt           Conj/Air       36%        1d54      1%          5
 Metabolic Englaciation   Hex/Ice        37%        N/A       1%          5
 Yara's Violent Unravell  Hex/Tmut       36%        3d15      1%          5
 Starburst                Conj/Fire      36%        6d11      3%          6
 Dragon Form              Tmut           36%        N/A       17%         7
 Enfeeble                 Hex            36%        N/A       17%         7
 Spellforged Servitor     Conj/Summ      36%        N/A       17%         7
 Storm Form               Tmut/Air       36%        N/A       17%         7
 Summon Hydra             Summ           36%        N/A       17%         7
 Borgnjor's Revivificati  Necr           36%        N/A       78%         8
 Maxwell's Capacitive Co  Air            36%        ∞         78%         8
 Necromutation            Tmut/Necr      36%        N/A       78%         8
 Death's Door             Necr           36%        N/A       100%        9
 Dragon's Call            Summ           36%        N/A       100%        9


Dungeon Overview and Level Annotations

Branches:
Dungeon (15/15)            Temple (0/1) D:5            Lair (6/6) D:9
 Shoals (4/4) Lair:3        Snake (4/4) Lair:2        Slime (0/5) Lair:5
    Orc (2/2) D:9             Elf (3/3) Orc:2        Vaults (4/5) D:14
  Crypt (0/3) Vaults:2     Depths (0/4) D:15

Altars:
Ashenzari
Cheibriados
Dithmenos
Fedhas
Gozag
Hepliaklqana
Kikubaaqudgha
Qazlal
Ru
Sif Muna
Trog
Yredelemnul
The Shining One
Beogh
Jiyva

Shops:
D:7 (   D:8 *   D:11 (   D:12 ***   Orc:2 *:[(   Elf:1 **(*!   Elf:2 *
Shoals:3 *   Snake:2 =::   Vaults:1 !?*=   Vaults:3 (

Portals:
Trove: D:13 (give +3 gold dragon scales)

Annotations:
Lair:1 2 runed translucent doors, SirDiesAlot's ghost, journeyman DEFE
Elf:2 5 runed translucent doors
Vaults:4 2 transporters, Ynankepe's ghost, adept HOMo


Innate Abilities, Weirdness & Mutations

You have very sharp teeth.
Your uncanny sense of smell can sniff out nearby items.
Your experience applies equally to all skills.
Your muscles are strong. (Str +2)
You expend magic power (3 MP) to strengthen your wands.


Message History

Casting: Iskenderun's Mystic Blast (safe; 1% risk of failure)
Confirm with . or Enter, or press ? or * to list all spells.
You erupt in a blast of force!
The mystic blast hits the yaktaur captain!!
The yaktaur captain is severely wounded.
The yaktaur captain is knocked back by the mystic blast.
You hear a shout! x3; You hear a deafening roar!
Casting: Iskenderun's Mystic Blast (safe; 1% risk of failure)
Confirm with . or Enter, or press ? or * to list all spells.
Casting: Hailstorm (safe; 1% risk of failure)
Press: ? - help, Dir - look around, f - activate A cannonade of hail descends around you!
The hail pelts the yaktaur captain!!
You kill the yaktaur captain!
Fedhas appreciates your contribution to the ecosystem.
The hail pelts the vault warden.
The vault warden is severely wounded.
A yaktaur comes into view. It is carrying a wand of iceblast (2).
Your box of beasts has recharged.
Your Invocations skill increases to level 17!
Casting: Hailstorm (safe; 1% risk of failure)
Confirm with . or Enter, or press ? or * to list all spells.
Casting: Hailstorm (safe; 1% risk of failure)
Press: ? - help, Dir - look around, f - activate A cannonade of hail descends around you!
The hail pelts the yaktaur!
The yaktaur is heavily wounded.
The yaktaur wields a +2 arbalest of freezing.
It is covered in frost.
The yaktaur shoots a bolt.
The bolt barely misses you. You block the vault warden's attack.
Casting: Hailstorm (safe; 1% risk of failure)
Confirm with . or Enter, or press ? or * to list all spells.
You erupt in a blast of force!
The mystic blast hits the vault warden!!
The vault warden is almost dead.
You hear two shouts!
You feel much better.
The stone giant throws a large rock.
The large rock hits you!!!
You die...
Fedhas appreciates your contribution to the ecosystem.

,*,,,*.#.#..#.#.#..#.#.#...*,,,,*
,*,,,,...........).))).)...#,,,,*
,*,,,*.#.....#.#.....#.#...#,,,,*
,*,,,,..Cp.................#,,,,*
,*,,,*........#........#..,*,,,,*
,*,,,,.......§§............#,,,,*
,*,,,,.....###§###......?..#,,,,*
,*,,,*.C.,,##(§§##.....#...#,,,,*
,*,,,,.*,..#)§§§@#...#.....*,,,,#
,*,,,*,,,#..:C§.§..#...#.,,*,,,,#
,*,,,,,#...#)§)}.#)c.#..∆,,*,,,,#
,*,,,*.p..=##§§.##.....#,,,*,,,,#
,*,,,,..C.,*##.##*,.....,,,*,,,,#
,*,,,,...,,,,...,,,..?).,,,*,,,,#
,*,,,*...,,,..#.,,,,...#,,,*,,,,#
,*,,,,,,,,,...,..,,,....,,,*,,,,#
,*,,,*,*,,.p.#,*,,,,,*.#...#....#


You could see a stone giant and a yaktaur.

Vanquished Creatures
  Margery (Vaults:3)
  Nikola (Vaults:3)
  Jory (Vaults:2)
  Zenata (Vaults:2)
  2 tentacled monstrosities (Vaults:5)
  Jorgrun (Snake:3)
  A deep elf blademaster (Elf:3)
  4 titans
  A quicksilver dragon (Vaults:5)
  A kraken (Shoals:1)
  Polyphemus (Shoals:4)
  Gastronok (Lair:2)
  Frances (Shoals:1)
  2 sphinxes
  A tengu reaver (Vaults:2)
  Kirke (Lair:6)
  Roxanne (Shoals:1)
  Donald (Vaults:4)
  A nagaraja (Snake:3)
  3 deep elf sorcerers
  A fire giant (Vaults:4)
  5 orc warlords
  12 vault wardens
  Aizul (Shoals:4)
  5 deep elf elementalists (Elf:3)
  5 ironbound thunderhulks
  3 war gargoyles
  16 ironbound preservers
  10 very ugly things
  2 stone giants
  5 deep elf demonologists
  6 entropy weavers
  7 dire elephants
  7 deep elf annihilators (Elf:3)
  7 ettins
  6 deep elf death magi
  6 merfolk javelineers
  The ghost of benadryl the Grappler, a journeyman TrDe of Ashenzari (D:11)
  7 merfolk impalers
  10 deep elf high priests
  14 yaktaur captains
  A fire dragon (Lair:6)
  9 great orbs of eyes
  A rakshasa (D:12)
  25 vault guards
  5 boulder beetles
  7 hydras
  7 salamander tyrants
  11 anacondas
  The ghost of spaghetti the Cruncher, a journeyman GnWn of Cheibriados (Lair:3)
  A peacekeeper (Vaults:4)
  11 ironbound frosthearts
  4 merfolk aquamancers
  Erica (D:10)
  15 centaur warriors
  2 two-headed ogres
  4 merfolk avatars
  3 catoblepae
  12 dancing weapons
  2 satyrs
  13 death yaks
  10 naga warriors
  3 alligator snapping turtles
  4 tengu warriors (D:13)
  A vampire mage (D:15)
  3 orc high priests
  Urug (Orc:2)
  9 shock serpents
  18 naga sharpshooters
  13 deep elf knights
  A hell knight (Vaults:3)
  Nergalle (Lair:2)
  10 salamander mystics
  A storm dragon zombie (D:15)
  5 skeletal warriors
  2 shadow wraiths (Vaults:5)
  32 deep trolls
  12 sea snakes
  A golden dragon zombie (D:15)
  A glowing orange brain (Vaults:1)
  22 lindwurms
  A phantasmal warrior (Vaults:5)
  9 deep elf archers
  17 ironbound convokers
  13 naga ritualists
  8 wizards
  7 necromancers
  9 mana vipers
  23 harpies
  19 deep elf zephyrmancers
  4 orc sorcerers
  30 deep elf pyromancers
  16 orc knights
  A sphinx skeleton (D:15)
  16 slime creatures
  12 cyclopes
  A moth of wrath (Lair:3)
  13 elephants
  8 fauns
  8 merfolk sirens
  21 salamanders
  6 water nymphs
  18 manticores
  33 ugly things
  2 torpor snails
  8 guardian serpents
  5 naga magi
  2 molten gargoyles (Lair:6)
  2 gargoyles
  24 vault sentinels
  62 black mambas
  16 komodo dragons
  51 yaktaurs
  5 rime drakes (Lair:5)
  2 efreet
  2 kobold demonologists
  2 unseen horrors (D:12)
  9 cane toads
  A guardian mummy (D:15)
  9 trolls
  3 tengu conjurers
  41 merfolk
  3 hornets
  4 polar bears
  7 wind drakes
  8 snapping turtles
  9 dream sheep
  29 blink frogs
  2 centaur simulacra (D:12)
  A culicivora (Vaults:2)
  A shadow (D:10)
  9 water elementals
  An air elemental (Elf:2)
  Sigmund (D:2)
  33 yaks
  A vampire (D:9)
  6 spriggans (Lair:3)
  8 wraiths
  A basilisk (shapeshifter) (Vaults:2)
  A spriggan skeleton (D:15)
  Grum (Lair:1)
  10 wyverns
  4 fire elementals
  13 basilisks
  2 hogs (Lair:6)
  4 steam dragons (D:9)
  2 neqoxecs (D:11)
  3 redbacks
  9 vampire mosquitoes
  5 wargs
  Menkaure (D:4)
  32 nagas
  3 acid dragons
  4 hell hounds
  Duvessa (D:5)
  12 water moccasins
  33 orc warriors
  3 black bears
  A sky beast (D:8)
  A swamp drake (D:9)
  An ice beast (D:7)
  7 ogres
  9 centaurs
  12 wolves
  14 bullfrogs
  4 kobold brigands (D:9)
  2 earth elementals
  3 gnoll sergeants
  5 scorpions
  A wight (D:9)
  Dowan (D:5)
  16 killer bees
  2 electric eels (Lair:2)
  7 howler monkeys
  5 lava snakes (Lair:6)
  A quasit (D:11)
  2 gnoll shamans
  4 jellies
  12 orc priests
  2 hounds
  Terence (D:2)
  4 hell rats (Lair:5)
  2 iguanas
  26 orc wizards
  20 gnolls
  10 adders
  2 white imps
  An ufetubus (D:4)
  A worm (D:2)
  7 dart slugs
  61 orcs
  10 bats
  4 endoplasms
  2 giant cockroaches
  8 goblins
  5 hobgoblins
  3 jackals (D:1)
  11 kobolds
  3 quokkas
  9 ball pythons
  5 frilled lizards
  9 rats
  4 ballistomycete spores
  2 tentacles (Shoals:1)
1576 creatures vanquished.

Vanquished Creatures (collateral kills)
  A lich (Vaults:5)
  A dire elephant (Vaults:1)
  A centaur warrior (D:14)
  A two-headed ogre (D:14)
  A shock serpent (Snake:3)
  2 deep elf knights (Elf:3)
  A deep troll (Vaults:1)
  2 elephants (Lair:5)
  Maurice (Orc:1)
  A naga mage (Snake:2)
  A black mamba (Snake:1)
  A freezing wraith (D:14)
  A troll (D:14)
  A hornet (D:9)
  2 blink frogs (Lair:2)
  A spriggan (Lair:3)
  A yak (Lair:2)
  A basilisk (Lair:6)
  A vampire mosquito (D:7)
  A naga (Snake:1)
  An orc warrior (Orc:2)
  2 wolves (Lair:1)
  A centaur (D:14)
  A bullfrog (Lair:1)
  2 quasits (D:11)
  An orc priest (Orc:1)
  3 orc wizards
  2 gnolls
  An orc (Orc:1)
  2 kobolds (D:2)
  62 ballistomycete spores
101 creatures vanquished.

Vanquished Creatures (others)
  Asterion (Vaults:3)
  A merfolk aquamancer (Shoals:1)
  2 deep elf knights
  A salamander mystic (Snake:4)
  A deep elf pyromancer (Elf:1)
  An oklob plant (Lair:2)
  2 manticores
  A freezing wraith (Vaults:5)
  A blink frog (Lair:6)
  A hog (Lair:6)
  A naga (Snake:2)
  2 water moccasins (Lair:6)
  An orc warrior (Vaults:5)
  9 ballistomycete spores
  67 fungi
  160 plants
  26 tentacles (Shoals:1)
  9 withered plants (D:15)
287 creatures vanquished.

Grand Total: 1964 creatures vanquished

Notes
Turn   | Place    | Note
-------+----------+-------------------------------------------
     0 | D:1      | Zonian the Gnoll Ice Elementalist began the quest for the
                  | Orb.
     0 | D:1      | Reached XP level 1. HP: 13/13 MP: 6/6
   270 | D:1      | Reached XP level 2. HP: 14/19 MP: 4/7
   700 | D:1      | Found a faded altar of an unknown god.
   733 | D:1      | Reached XP level 3. HP: 10/25 MP: 5/9
   742 | D:1      | Reached skill level 5 in Spellcasting
  1024 | D:1      | Prayed at the altar of an unknown god.
  1024 | D:1      | Became a worshipper of Fedhas Madash
  1024 | D:1      | Reached * piety under Fedhas
  1142 | D:1      | Reached skill level 1 in Invocations
  1507 | D:2      | Reached skill level 1 in Fighting
  1507 | D:2      | Reached skill level 1 in Short Blades
  1507 | D:2      | Reached skill level 1 in Long Blades
  1507 | D:2      | Reached skill level 1 in Axes
  1507 | D:2      | Reached skill level 1 in Maces & Flails
  1507 | D:2      | Reached skill level 1 in Polearms
  1507 | D:2      | Reached skill level 1 in Staves
  1507 | D:2      | Reached skill level 1 in Slings
  1507 | D:2      | Reached skill level 1 in Bows
  1507 | D:2      | Reached skill level 1 in Crossbows
  1507 | D:2      | Reached skill level 1 in Throwing
  1507 | D:2      | Reached skill level 1 in Armour
  1507 | D:2      | Reached skill level 1 in Shields
  1507 | D:2      | Reached skill level 1 in Unarmed Combat
  1507 | D:2      | Reached skill level 1 in Evocations
  1507 | D:2      | Reached XP level 4. HP: 32/32 MP: 8/11
  1570 | D:2      | Reached ** piety under Fedhas
  1742 | D:2      | Noticed Terence
  1750 | D:2      | Killed Terence
  1751 | D:2      | Reached skill level 1 in Conjurations
  1751 | D:2      | Reached skill level 1 in Hexes
  1751 | D:2      | Reached skill level 1 in Summonings
  1751 | D:2      | Reached skill level 1 in Necromancy
  1751 | D:2      | Reached skill level 1 in Translocations
  1751 | D:2      | Reached skill level 1 in Transmutations
  1751 | D:2      | Reached skill level 1 in Fire Magic
  1751 | D:2      | Reached skill level 1 in Air Magic
  1751 | D:2      | Reached skill level 1 in Earth Magic
  1751 | D:2      | Reached skill level 1 in Poison Magic
  1828 | D:2      | Learned a level 3 spell: Frozen Ramparts
  1832 | D:2      | Learned a level 3 spell: Ozocubu's Armour
  2160 | D:2      | Noticed Sigmund
  2198 | D:2      | Reached XP level 5. HP: 28/37 MP: 12/12
  2666 | D:2      | Killed Sigmund
  2667 | D:2      | Reached skill level 5 in Dodging
  2667 | D:2      | Reached XP level 6. HP: 30/44 MP: 14/14
  3654 | D:3      | Found an opulent altar of Gozag.
  3662 | D:3      | Found a shimmering blue altar of Sif Muna.
  3672 | D:3      | Found an ancient bone altar of Kikubaaqudgha.
  3680 | D:3      | Found a bloodstained altar of Trog.
  3687 | D:3      | Found a broken altar of Ashenzari.
  3693 | D:3      | Found a glowing golden altar of the Shining One.
  3704 | D:3      | Found a shadowy altar of Dithmenos.
  4037 | D:4      | Noticed Menkaure
  4040 | D:4      | Reached XP level 7. HP: 50/50 MP: 15/15
  4055 | D:5      | Entered Level 5 of the Dungeon
  4359 | D:4      | Killed Menkaure
  4360 | D:4      | Reached skill level 5 in Stealth
  4388 | D:4      | Reached *** piety under Fedhas
  4536 | D:4      | Reached XP level 8. HP: 57/57 MP: 16/16
  5306 | D:5      | Found a sacrificial altar of Ru.
  5334 | D:5      | Found a staircase to the Ecumenical Temple.
  5362 | D:5      | Identified the ring "Ciodd" {Drain rPois rF+++ Slay+5}
  5437 | D:5      | Found a blossoming altar of Fedhas.
  5914 | D:5      | Noticed Dowan
  5927 | D:5      | Killed Dowan
  6002 | D:5      | Noticed Duvessa
  6014 | D:5      | Killed Duvessa
  6644 | D:6      | Found a snail-covered altar of Cheibriados.
  6679 | D:6      | Reached XP level 9. HP: 65/65 MP: 14/18
  7037 | D:6      | Reached **** piety under Fedhas
  7868 | D:7      | Found Zuppoc's Weapon Emporium.
  8023 | D:7      | Found a stormy altar of Qazlal.
  8023 | D:7      | Found a sacrificial altar of Ru.
  8025 | D:7      | Found an ancient bone altar of Kikubaaqudgha.
  8025 | D:7      | Found a blossoming altar of Fedhas.
  8067 | D:7      | Reached skill level 5 in Invocations
  8068 | D:7      | Noticed a manticore
  8105 | D:7      | Killed a manticore
  8106 | D:7      | Reached XP level 10. HP: 38/73 MP: 14/20
  8124 | D:7      | Noticed a manticore
  8210 | D:7      | Killed a manticore
  8211 | D:7      | Reached skill level 5 in Fighting
  8211 | D:7      | Reached skill level 5 in Short Blades
  8211 | D:7      | Reached skill level 5 in Long Blades
  8211 | D:7      | Reached skill level 5 in Axes
  8211 | D:7      | Reached skill level 5 in Maces & Flails
  8211 | D:7      | Reached skill level 5 in Polearms
  8211 | D:7      | Reached skill level 5 in Staves
  8211 | D:7      | Reached skill level 5 in Slings
  8211 | D:7      | Reached skill level 5 in Bows
  8211 | D:7      | Reached skill level 5 in Crossbows
  8211 | D:7      | Reached skill level 5 in Throwing
  8211 | D:7      | Reached skill level 5 in Armour
  8211 | D:7      | Reached skill level 5 in Shields
  8211 | D:7      | Reached skill level 5 in Unarmed Combat
  8211 | D:7      | Reached skill level 5 in Evocations
  8242 | D:7      | Identified the +5 arbalest of the Pyrrhic Victory {penet,
                  | SInv}
  8242 | D:7      | Identified the +4 great sword "Concordance" {freeze, rF+
                  | Stlth+}
  8242 | D:7      | Identified the ring "Taxzatun" {+Blink rPois Int+6 Slay+3
                  | Stlth-}
  8266 | D:7      | Identified the +6 morningstar "Nenogg" {flame, rPois rF+
                  | Str+4}
  9387 | D:7      | Learned a level 4 spell: Hailstorm
  9653 | D:8      | Reached ***** piety under Fedhas
  9909 | D:8      | Found Keiponur's Changing Room.
 10196 | D:8      | Found a hazy altar of Hepliaklqana.
 10497 | D:9      | Upgraded the game from 0.29-a0-474-gdfe5cd140f to
                  | 0.29-a0-477-g62b78b4225
 10658 | D:9      | Noticed a two-headed ogre
 10700 | D:9      | Noticed a four-headed hydra
 10707 | D:9      | Noticed a deep elf pyromancer
 10707 | D:9      | Noticed a gargoyle
 10707 | D:9      | Noticed a cyclops
 10708 | D:9      | Killed a deep elf pyromancer
 10794 | D:9      | Noticed a kobold demonologist
 10917 | D:9      | Killed a kobold demonologist
 10918 | D:9      | Reached XP level 11. HP: 40/81 MP: 11/22
 11259 | D:9      | Found a staircase to the Lair.
 11289 | D:9      | Reached skill level 5 in Conjurations
 11289 | D:9      | Reached skill level 5 in Hexes
 11289 | D:9      | Reached skill level 5 in Summonings
 11289 | D:9      | Reached skill level 5 in Necromancy
 11289 | D:9      | Reached skill level 5 in Translocations
 11289 | D:9      | Reached skill level 5 in Transmutations
 11289 | D:9      | Reached skill level 5 in Fire Magic
 11289 | D:9      | Reached skill level 5 in Air Magic
 11289 | D:9      | Reached skill level 5 in Earth Magic
 11289 | D:9      | Reached skill level 5 in Poison Magic
 11573 | D:9      | Killed a cyclops
 11771 | D:9      | Killed a four-headed hydra
 12319 | D:9      | Noticed a brown ugly thing
 12329 | D:9      | Killed a brown ugly thing
 12360 | D:9      | Noticed a centaur warrior
 12363 | D:9      | Killed a centaur warrior
 12574 | D:9      | Killed a two-headed ogre
 12781 | D:9      | Reached XP level 12. HP: 89/89 MP: 24/24
 12910 | D:9      | Found a staircase to the Orcish Mines.
 13004 | Lair:1   | Entered Level 1 of the Lair of Beasts
 13016 | Lair:1   | Noticed Grum
 13024 | Lair:1   | Killed Grum
 13025 | Lair:1   | Noticed a catoblepas
 13043 | Lair:1   | Killed a catoblepas
 13629 | Lair:1   | Found a large runed translucent door.
 13629 | Lair:1   | Found a large runed translucent door.
 13632 | Lair:1   | Noticed SirDiesAlot's ghost (journeyman DEFE)
 14254 | Lair:1   | You fall into a shaft and drop 1 floor!
 14260 | Lair:2   | Noticed Nergalle
 14271 | Lair:2   | Killed Nergalle
 14296 | Lair:2   | Noticed a death yak
 14298 | Lair:2   | Noticed a death yak
 14300 | Lair:2   | Noticed a death yak
 14301 | Lair:2   | Noticed a death yak
 14303 | Lair:2   | Noticed a death yak
 14303 | Lair:2   | Killed a death yak
 14304 | Lair:2   | Noticed a death yak
 14308 | Lair:2   | Killed a death yak
 14840 | Lair:2   | Noticed an eight-headed hydra
 14851 | Lair:2   | Killed an eight-headed hydra
 15019 | Lair:2   | Reached XP level 13. HP: 83/98 MP: 12/26
 15076 | Lair:2   | Learned a level 1 spell: Necrotize
 15081 | Lair:2   | Learned a level 4 spell: Iskenderun's Mystic Blast
 15818 | Lair:2   | Found a staircase to the Snake Pit.
 16164 | Lair:2   | Noticed Gastronok
 16201 | Lair:2   | Killed Gastronok
 16202 | Lair:2   | Reached skill level 10 in Ice Magic
 16496 | Lair:2   | Identified the +5 hand crossbow of the Ancient Knaves
                  | {speed, Will+ SInv}
 17616 | Lair:3   | Found a staircase to the Shoals.
 17912 | Lair:3   | Noticed spaghetti's ghost (journeyman GnWn)
 17921 | Lair:3   | Found a transporter.
 17922 | Lair:3   | Found a bloodstained altar of Trog.
 17928 | Lair:3   | Found a transporter.
 18815 | Lair:3   | Reached skill level 10 in Spellcasting
 18976 | Lair:3   | Learned a level 4 spell: Sticky Flame
 20974 | Lair:5   | Reached skill level 10 in Dodging
 20974 | Lair:5   | Reached XP level 14. HP: 106/106 MP: 28/28
 21379 | Lair:5   | Reached skill level 10 in Stealth
 21978 | Lair:5   | Found a viscous altar of Jiyva.
 21979 | Lair:5   | Found a staircase to the Slime Pits.
 22258 | Lair:5   | Reached skill level 10 in Invocations
 22513 | Lair:6   | Entered Level 6 of the Lair of Beasts
 22630 | Lair:6   | Noticed Kirke
 22651 | Lair:6   | Killed Kirke
 23611 | Lair:6   | Found a shimmering blue altar of Sif Muna.
 25423 | Lair:6   | Found a large runed translucent door.
 25424 | Lair:6   | Found a large runed translucent door.
 25450 | Lair:6   | Reached XP level 15. HP: 84/115 MP: 15/29
 25931 | D:7      | Bought the +8 trident of the Moth {flame, rF+ rC+ rN+} for
                  | 929 gold pieces
 26363 | Lair:6   | Upgraded the game from 0.29-a0-477-g62b78b4225 to
                  | 0.29-a0-483-g69413ace17
 26506 | D:10     | Entered Level 10 of the Dungeon
 26835 | D:10     | Noticed Erica
 26848 | D:10     | Killed Erica
 27914 | D:11     | Found a transporter.
 27922 | D:11     | Found a shadowy altar of Dithmenos.
 27939 | D:11     | Found Losaqoso's Weapon Emporium.
 27975 | D:11     | Found a transporter.
 27980 | D:11     | Noticed benadryl's ghost (journeyman TrDe)
 28810 | D:12     | Found Liro's Fire Supplies.
 29184 | D:12     | Found Eleicur Pocs's Specific Store.
 29189 | D:12     | Found Tyczaqao's General Store.
 29217 | D:12     | Reached skill level 10 in Fighting
 29217 | D:12     | Reached skill level 10 in Short Blades
 29217 | D:12     | Reached skill level 10 in Long Blades
 29217 | D:12     | Reached skill level 10 in Axes
 29217 | D:12     | Reached skill level 10 in Maces & Flails
 29217 | D:12     | Reached skill level 10 in Polearms
 29217 | D:12     | Reached skill level 10 in Staves
 29217 | D:12     | Reached skill level 10 in Slings
 29217 | D:12     | Reached skill level 10 in Bows
 29217 | D:12     | Reached skill level 10 in Crossbows
 29217 | D:12     | Reached skill level 10 in Throwing
 29217 | D:12     | Reached skill level 10 in Armour
 29217 | D:12     | Reached skill level 10 in Shields
 29217 | D:12     | Reached skill level 10 in Unarmed Combat
 29217 | D:12     | Reached skill level 10 in Evocations
 30514 | D:13     | Found a portal to a secret trove of treasure.
 31775 | D:14     | Found a gate to the Vaults.
 32686 | D:15     | Entered Level 15 of the Dungeon
 32691 | D:15     | Found a staircase to the Depths.
 32713 | D:14     | Learned a level 4 spell: Dispel Undead
 33754 | D:15     | Reached XP level 16. HP: 76/123 MP: 1/31
 34800 | Orc:1    | Entered Level 1 of the Orcish Mines
 34832 | Orc:1    | Noticed Maurice
 34877 | Orc:1    | Killed Maurice
 35376 | Orc:2    | Entered Level 2 of the Orcish Mines
 35484 | Orc:2    | Noticed Urug
 36198 | Orc:2    | Killed Urug
 36623 | Orc:2    | Found Itreod's General Store.
 36638 | Orc:2    | Found Xyaw's Antique Armour Boutique.
 36654 | Orc:2    | Found Qicsum's Antique Weapon Boutique.
 36679 | Orc:2    | Found Jet Gepn's Book Boutique.
 36809 | Orc:2    | Found a staircase to the Elven Halls.
 37169 | Snake:1  | Entered Level 1 of the Snake Pit
 37446 | Snake:1  | Identified the +0 chain mail "Viluguyb" {Will+}
 37843 | Orc:2    | Bought a glowing scarf for 264 gold pieces
 37869 | Orc:2    | Bought a book of Storms for 384 gold pieces
 37874 | Orc:2    | Learned a level 4 spell: Airstrike
 38490 | Snake:1  | Upgraded the game from 0.29-a0-483-g69413ace17 to
                  | 0.29-a0-490-g77b3608bb8
 38849 | Snake:1  | Learned a level 5 spell: Lee's Rapid Deconstruction
 38937 | Snake:1  | Identified the +5 long sword of the Winnowing Shark
                  | {vorpal, rPois rC- Will++ Stlth+}
 39656 | Snake:1  | Identified the +7 war axe "Sirunlia" {drain, Fragile rElec
                  | Dex+6 SInv}
 40067 | Snake:1  | Identified the +6 demon trident of Exquisite Torment {elec,
                  | rPois rF+ Will+}
 41298 | Snake:2  | Reached XP level 17. HP: 100/131 MP: 33/33
 42367 | Snake:2  | Found the +8 autumn katana {vorpal, manifold assault}
 42389 | Snake:2  | You fall into a shaft and drop 1 floor!
 42796 | Snake:2  | Found Heix's Book Shoppe.
 42797 | Snake:2  | Found Taifein's Jewellery Boutique.
 42799 | Snake:2  | Found Uramih's Book Shoppe.
 42812 | Snake:2  | Bought the ring of Bin Zerukki {Fly rF+ rN+ rCorr Int+2}
                  | for 529 gold pieces
 43168 | Snake:3  | Noticed Jorgrun
 43180 | Snake:3  | Killed Jorgrun
 44664 | Snake:4  | Entered Level 4 of the Snake Pit
 44910 | Snake:4  | Reached skill level 10 in Conjurations
 44910 | Snake:4  | Reached skill level 10 in Hexes
 44910 | Snake:4  | Reached skill level 10 in Summonings
 44910 | Snake:4  | Reached skill level 10 in Necromancy
 44910 | Snake:4  | Reached skill level 10 in Translocations
 44910 | Snake:4  | Reached skill level 10 in Transmutations
 44910 | Snake:4  | Reached skill level 10 in Fire Magic
 44910 | Snake:4  | Reached skill level 10 in Air Magic
 44910 | Snake:4  | Reached skill level 10 in Earth Magic
 44910 | Snake:4  | Reached skill level 10 in Poison Magic
 46461 | Snake:4  | Reached XP level 18. HP: 116/140 MP: 29/35
 47419 | Snake:4  | Reached ****** piety under Fedhas
 47433 | Snake:4  | Got a serpentine rune of Zot
 48044 | Shoals:1 | Entered Level 1 of the Shoals
 48941 | Shoals:1 | Noticed Frances
 48987 | Shoals:1 | Killed Frances
 49302 | Shoals:1 | Noticed Roxanne
 50302 | Shoals:2 | Found the +8 mithril axe "Arga" {speed, Will+}
 50865 | Shoals:3 | Reached XP level 19. HP: 140/148 MP: 36/36
 51105 | Shoals:3 | Found Odweon's General Store.
 51114 | Shoals:3 | Bought a scroll of fog for 34 gold pieces
 51363 | Shoals:4 | Entered Level 4 of the Shoals
 51782 | Shoals:4 | Identified the +6 falchion "Jaomena" {flame, *Corrode Fly
                  | Dex+6}
 51949 | Shoals:4 | Noticed Polyphemus
 51991 | Shoals:4 | Killed Polyphemus
 52388 | Shoals:4 | Got a barnacled rune of Zot
 52776 | Shoals:4 | Noticed Aizul
 52794 | Shoals:4 | Killed Aizul
 53871 | Elf:1    | Entered Level 1 of the Elven Halls
 53871 | Elf:1    | Found an ancient bone altar of Kikubaaqudgha.
 54318 | Elf:1    | Found Fosub's Assorted Antiques.
 54320 | Elf:1    | Found Guti's Antique Weapon Shoppe.
 54320 | Elf:1    | Found Mutziq Ihir's Assorted Antiques.
 54323 | Elf:1    | Found Toomn's General Store.
 54343 | Elf:1    | Bought a scroll of fear for 56 gold pieces
 54346 | Elf:1    | Bought a scroll of fog for 64 gold pieces
 54346 | Elf:1    | Bought a shimmering scale mail for 288 gold pieces
 54346 | Elf:1    | Identified the +0 scale mail of Divine Compulsion {*Slow
                  | rF++ rCorr Str+3} (You bought it in a shop on level 1 of
                  | the Elven Halls)
 54367 | Elf:1    | Noticed an Ice Fiend
 55200 | Elf:1    | Found Mipeth's Distillery.
 55936 | D:11     | Killed benadryl's ghost
 55942 | D:11     | Gained mutation: You sometimes lose the ability to read
                  | scrolls when taking damage. [a neqoxec]
 55961 | D:11     | Identified the +7 glaive of Fortitude {freeze, +Blink
                  | rPois}
 56239 | Lair:3   | Killed spaghetti's ghost
 56765 | Elf:1    | Reached XP level 20. HP: 88/157 MP: 20/38
 57472 | Elf:2    | Found Lorr's Overcharged Wands.
 57529 | Elf:2    | Noticed a Tzitzimitl
 58833 | Elf:2    | Found a huge runed translucent gate.
 58834 | Elf:2    | Found a huge runed translucent gate.
 58834 | Elf:2    | Found a huge runed translucent gate.
 58835 | Elf:2    | Found a huge runed translucent gate.
 58835 | Elf:2    | Found a huge runed translucent gate.
 59324 | Elf:2    | Upgraded the game from 0.29-a0-490-g77b3608bb8 to
                  | 0.29-a0-495-g17b79114eb
 59394 | Elf:3    | Entered Level 3 of the Elven Halls
 60014 | Elf:2    | Found a shimmering blue altar of Sif Muna.
 60495 | Elf:3    | Identified the +1 hand axe of the Hills {vamp, rF+ Str+6
                  | Int+3 Dex-4}
 60563 | Elf:3    | Identified the +11 rapier "Sasybeah" {vorpal, rElec Str-5
                  | Int+8 Stlth-}
 60563 | Elf:3    | Identified the +5 ring mail "Dushail" {Harm rPois Regen+}
 60728 | Elf:3    | Identified the amulet of Hyreg {Acrobat rN+}
 61163 | Elf:3    | Learned a level 6 spell: Iron Shot
 61191 | Elf:3    | Reached skill level 15 in Invocations
 61851 | Elf:3    | Identified the amulet of the King {Spirit rPois rC- Dex+7
                  | Stlth+}
 62115 | Elf:3    | Identified the +4 pair of boots "Vetwus" {Rampage rElec rC-
                  | SInv}
 62117 | Elf:3    | Gained mutation: You are occasionally teleported next to
                  | monsters. [a neqoxec]
 62118 | Elf:3    | Gained mutation: You are weak. (Str -2) [a neqoxec]
 62231 | Elf:3    | Identified the +4 broad axe "Umiyxka" {venom, Int+3}
 62258 | Elf:3    | Identified the +11 great sword of Symmetry {vorpal, rPois}
 62263 | Elf:3    | Got Sif Muna's Disquisition on Contamination and the
                  | Glacier
 62806 | Shoals:1 | Killed Roxanne
 63079 | Snake:1  | Lost mutation: You are weak. (Str -2) [potion of mutation]
 63079 | Snake:1  | Lost mutation: You sometimes lose the ability to read
                  | scrolls when taking damage. [potion of mutation]
 63079 | Snake:1  | Gained mutation: You are strong-willed. (Will+) [potion of
                  | mutation]
 63079 | Snake:1  | Gained mutation: Your mind is acute. (Int +2) [potion of
                  | mutation]
 63336 | Vaults:1 | Entered Level 1 of the Vaults
 63477 | Vaults:1 | Learned a level 6 spell: Statue Form
 64052 | Vaults:1 | Reached XP level 21. HP: 109/165 MP: 10/39
 64460 | Vaults:1 | Reached skill level 15 in Spellcasting
 65094 | D:14     | Lost mutation: Your mind is acute. (Int +2) [potion of
                  | mutation]
 65094 | D:14     | Lost mutation: You are strong-willed. (Will+) [potion of
                  | mutation]
 65094 | D:14     | Gained mutation: You have an increased reservoir of magic.
                  | (+10% MP) [potion of mutation]
 65094 | D:14     | Gained mutation: Your body sometimes deteriorates upon
                  | taking damage. [potion of mutation]
 65094 | D:14     | Gained mutation: Armour fits poorly on your strangely
                  | shaped body. [potion of mutation]
 65094 | D:14     | Gained mutation: Your muscles are strong. (Str +2) [potion
                  | of mutation]
 65438 | Snake:4  | Lost mutation: Your muscles are strong. (Str +2) [potion of
                  | mutation]
 65438 | Snake:4  | Lost mutation: You have an increased reservoir of magic.
                  | (+10% MP) [potion of mutation]
 65438 | Snake:4  | Lost mutation: Your body sometimes deteriorates upon taking
                  | damage. [potion of mutation]
 65438 | Snake:4  | Gained mutation: Your flesh is heat resistant. (rF+)
                  | [potion of mutation]
 65438 | Snake:4  | Gained mutation: You expend magic power (3 MP) to
                  | strengthen your wands. [potion of mutation]
 65438 | Snake:4  | Gained mutation: Your mind is acute. (Int +2) [potion of
                  | mutation]
 65732 | D:11     | Lost mutation: Your flesh is heat resistant. (rF+) [potion
                  | of mutation]
 65732 | D:11     | Lost mutation: Armour fits poorly on your strangely shaped
                  | body. [potion of mutation]
 65732 | D:11     | Gained mutation: Your mind is very acute. (Int +4) [potion
                  | of mutation]
 65732 | D:11     | Lost mutation: Your mind is very acute. (Int +4) [potion of
                  | mutation]
 65733 | D:11     | Lost mutation: You are occasionally teleported next to
                  | monsters. [potion of mutation]
 65733 | D:11     | Lost mutation: You expend magic power (3 MP) to strengthen
                  | your wands. [potion of mutation]
 65733 | D:11     | Lost mutation: Your mind is acute. (Int +2) [potion of
                  | mutation]
 65733 | D:11     | Gained mutation: Your muscles are strong. (Str +2) [potion
                  | of mutation]
 65733 | D:11     | Gained mutation: You expend magic power (3 MP) to
                  | strengthen your wands. [potion of mutation]
 65936 | Vaults:1 | Reached skill level 15 in Unarmed Combat
 66434 | Vaults:1 | Found Boekkavee's Assorted Antiques.
 66434 | Vaults:1 | Found Kuejisum's Jewellery Shoppe.
 66962 | Vaults:1 | Found Qoq Lia's Magic Scroll Shoppe.
 66999 | Vaults:1 | Bought a warped chain mail for 266 gold pieces
 66999 | Vaults:1 | Identified the +1 chain mail "Xeenimat" {rC++ Str+2 Stlth+}
                  | (You bought it in a shop on level 1 of the Vaults)
 67049 | Vaults:1 | Found Doqez's Distillery.
 67056 | Vaults:1 | Bought a potion of resistance for 180 gold pieces
 67206 | Vaults:1 | Reached skill level 15 in Dodging
 69095 | Vaults:2 | Reached skill level 15 in Stealth
 69769 | Vaults:2 | Identified the +2 arbalest "Qoeracse" {penet, rCorr SInv}
 69788 | Vaults:2 | Identified the +7 long sword "Ibenecy" {flame, Fly MP+9
                  | Stlth+}
 69992 | Vaults:2 | Found the +5 glaive of the Guard {elec, spectral, AC+5}
 70448 | Vaults:2 | Noticed Jory
 70460 | Vaults:2 | Killed Jory
 71949 | Vaults:2 | Noticed Zenata
 72706 | Vaults:2 | Found a staircase to the Crypt.
 72706 | Vaults:2 | Found a basalt altar of Yredelemnul.
 72710 | Vaults:2 | Found an ancient bone altar of Kikubaaqudgha.
 73253 | Vaults:2 | Killed Zenata
 74213 | Vaults:3 | Identified the ring of Icerra {rC+ rN+ rCorr}
 74330 | Vaults:3 | Noticed Margery
 74347 | Vaults:3 | Reached XP level 22. HP: 174/174 MP: 37/41
 74348 | Vaults:3 | Killed Margery
 76095 | Vaults:3 | Found Mutyec's Antique Weapon Boutique.
 76100 | Vaults:3 | Noticed Nikola
 76114 | Vaults:3 | Killed Nikola
 76115 | Vaults:3 | Reached skill level 15 in Fighting
 76115 | Vaults:3 | Reached skill level 15 in Short Blades
 76115 | Vaults:3 | Reached skill level 15 in Long Blades
 76115 | Vaults:3 | Reached skill level 15 in Axes
 76115 | Vaults:3 | Reached skill level 15 in Maces & Flails
 76115 | Vaults:3 | Reached skill level 15 in Polearms
 76115 | Vaults:3 | Reached skill level 15 in Staves
 76115 | Vaults:3 | Reached skill level 15 in Slings
 76115 | Vaults:3 | Reached skill level 15 in Bows
 76115 | Vaults:3 | Reached skill level 15 in Crossbows
 76115 | Vaults:3 | Reached skill level 15 in Throwing
 76115 | Vaults:3 | Reached skill level 15 in Armour
 76115 | Vaults:3 | Reached skill level 15 in Shields
 76115 | Vaults:3 | Reached skill level 15 in Evocations
 76120 | Vaults:3 | Bought a crystal scimitar for 207 gold pieces
 76120 | Vaults:3 | Identified the +9 scimitar of Qazlal's Outrage {drain,
                  | rPois Int+4} (You bought it in a shop on level 3 of the
                  | Vaults)
 76389 | Vaults:3 | Noticed Asterion
 76423 | Vaults:3 | Killed Asterion
 79741 | Vaults:4 | Noticed Donald
 79757 | Vaults:4 | Killed Donald
 79899 | Vaults:4 | Found a transporter.
 79901 | Vaults:4 | Noticed Ynankepe's ghost (adept HOMo)
 79906 | Vaults:4 | Found a transporter.
 81211 | Vaults:5 | Entered Level 5 of the Vaults
 81218 | Vaults:5 | Reached XP level 23. HP: 133/182 MP: 25/43
 81582 | Vaults:4 | Learned a level 5 spell: Manifold Assault
 82118 | Vaults:5 | Identified the ring "Amoe" {rPois rC+ Will++}
 82266 | Vaults:5 | HP: 7/183 [vault warden/stone (20)]
 82281 | Vaults:5 | Hit by a large rock thrown by a stone giant

Illustrated notes

Levels and vault maps discovered:
D:1:      scummos_arrival_simple_fountains, layout_rooms,
          hellmonk_ecumenical_altar_arch_garden, amcnicky_mini_pool_small
D:2:      minmay_wonky_spiral, layout_loops_corners, uniq_terence, uniq_sigmund
D:3:      layout_basic, grunt_temple_overflow_octagram, serial_park_tiny_2
D:4:      layout_basic, grunt_ministairs_2, minmay_fractal_squares_diagonal_5,
          uniq_menkaure
D:5:      layout_cave_pools, nicolae_ru_awakened_eye,
          mainiacjoe_overflow_cross_hatched, minmay_temple_entry_glass,
          serial_bayou_pond_d, uniq_duvessa
D:6:      layout_loops_ring, cheibriados_altar_1
D:7:      minmay_the_grid_octo_triangle [minmay_the_grid_octo_shrine,
          minmay_the_grid_octo_prize_single_spiral, minmay_the_grid_octo_focus],
          layout_gridville, serial_shops, nicolae_shop_waterfront, hex_medium
D:8:      layout_basic, worldfamousw_hep_ancestral_shrine, st_stairs_7,
          nicolae_transmutations_shop
D:9:      minmay_quarter_circles, layout_cave_pools,
          grunt_lair_entry_orc_guard_hut, erik_orc_1
D:10:     layout_grid_maze, uniq_erica
D:11:     layout_cave_pools, gammafunk_ghost_stat_death, serial_shops,
          nicolae_square_shop, minivault_25,
          nicolae_dithmenos_through_a_glass_darkly
D:12:     minmay_concentric_multi, layout_basic, nicolae_shop_fire_sale
          [nicolae_sub_dead_trees], nicolae_specific_store
D:13:     layout_irregular_city, nicolae_trove_entry_free_sample
D:14:     layout_roguey, david_vaults_1, nicolae_sextant
D:15:     gammafunk_depths_entry_grave, layout_grid_maze
Lair:1:   layout_hall_layers, ebering_ghost_disaster_area, grunt_megastairs_4,
          uniq_grum
Lair:2:   dpeg_oklob_gauntlet, layout_long_grid, guppyfry_snake_entry_garden,
          serial_bayou, serial_bayou_shore_b, serial_bayou_pond_e,
          serial_bayou_lagoon_a, serial_bayou_shore_a, uniq_gastronok,
          uniq_nergalle
Lair:3:   layout_loops_ring, elwin_shoals_entry_rocks,
          nicolae_volcano_entry_hallway, gammafunk_ghost_wrathful_warriors,
          grunt_megastairs_5
Lair:4:   layout_roguey, beast_lair_carwin_2
Lair:5:   layout_cave_pods, slime_altar_1, special_room
          [special_room_mythical_zoo]
Lair:6:   cheibrodos_lair_end_hotspot, layout_cave_pods, basic_altar, uniq_kirke
Shoals:1: layout_shoals, uniq_frances, uniq_roxanne
Shoals:2: layout_shoals, st_sunken_huts
Shoals:3: layout_shoals, serial_shops, shop, nicolae_shoals_loop_pool
Shoals:4: shoals_end_hangedman, layout_shoals, uniq_polyphemus, uniq_aizul
Snake:1:  layout_concentric_octagons, library_closet, nicolae_snake_naga_rites
Snake:2:  layout_chambers, nicolae_snake_salamander_fort, minmay_shop_grove
Snake:3:  layout_concentric_octagons, uniq_jorgrun
Snake:4:  snake_pit_salamanders_mu, layout_cave_town,
          portal_ice_cave_entry_ugly_swarm
Orc:1:    layout_diamond_mine, uniq_maurice
Orc:2:    grunt_orc_cross, layout_caves, uniq_urug
Elf:1:    layout_loops_cross, basic_altar, serial_shops, shop,
          evilmike_minifort, minmay_shoptagon
Elf:2:    elven_hall_of_blades_hangedman_alternative
          [nicolae_blade_entry_area_security], layout_gridlike,
          nicolae_elf_big_sculpture_1, dreamdust_princess_corridor,
          nicolae_shop_overcharged_wands, grunt_megastairs_2,
          lemuel_upstairs_altar
Elf:3:    minmay_elf_hall_quartered_circle, layout_geoelf_grid
Vaults:1: vaults_standard_mumra_enter_the_diamond, ontoclasm_vaults_fault,
          nicolae_vaults_network_periphery, grunt_vaults_swirl,
          vaults_room_fancy_cross, hangedman_vaults_hard_town_square,
          vaults_room_hallway, grunt_vaults_focal, vaults_room_pools,
          hangedman_vaults_cutoff, vaults_standard_mumra_x,
          nicolae_vaults_alarming, layout_vaults_omnicross, serial_shops,
          nicolae_shop_trees
Vaults:2: nicolae_vaults_little_squares_6, minmay_guarded_unrand_guard_vaults,
          hangedman_vaults_variations, minmay_crypt_entry_necro_gods, v_misc_1,
          grunt_vaults_hallway_short, v_misc_33, vaults_mumra_hex,
          ontoclasm_vaults_twist, layout_vaults_chaotic_city, uniq_jory,
          uniq_zenata
Vaults:3: grunt_vaults_bifocal, vaults_mumra_hexcomb, v_pattern_2, st_cross,
          nicolae_vaults_rhombus_6, vaults_mumra_lcd,
          nicolae_vaults_diagonal_hallway_8, nicolae_vaults_yaktaur_gun_rack,
          vaults_mumra_minichess, vaults_dpeg_diagonal, dpeg_vaults_monster_box,
          layout_vaults_omnigrid, serial_shops, shop_statue, uniq_margery,
          uniq_nikola, uniq_asterion
Vaults:4: gammafunk_ghost_mausoleum, grunt_vaults_hallway_long,
          hangedman_vaults_slice, v_misc_3, nicolae_vaults_octagons, v_misc_2,
          grunt_vaults_hallway_short, hangedman_vaults_corner,
          hangedman_vaults_pinch, v_misc_4, nicolae_vaults_rhombus_6,
          v_alt_pattern_4, vaults_room_ringed_pool, vaults_room_pool,
          layout_vaults_maze_bifur, uniq_donald
Vaults:5

Skill      XL: |  1  2  3  4  5  6  7  8  9 10 11 12 13 14 15 16 17 18 19 20 21 22 23 |
---------------+----------------------------------------------------------------------+-----
Spellcasting   | 5 6 7 8 9 10 11 12 13 14 15 16 | 16.3
Invocations    | 1 2 3 4 5 6 7 8 9 10 11 12 13 14 15 16 17 | 17.0
Fighting       | 1 2 3 4 5 6 7 8 9 10 11 12 13 14 15 | 15.6
Short Blades   | 1 2 3 4 5 6 7 8 9 10 11 12 13 14 15 | 15.6
Long Blades    | 1 2 3 4 5 6 7 8 9 10 11 12 13 14 15 | 15.6
Axes           | 1 2 3 4 5 6 7 8 9 10 11 12 13 14 15 | 15.6
Maces & Flails | 1 2 3 4 5 6 7 8 9 10 11 12 13 14 15 | 15.6
Polearms       | 1 2 3 4 5 6 7 8 9 10 11 12 13 14 15 | 15.6
Staves         | 1 2 3 4 5 6 7 8 9 10 11 12 13 14 15 | 15.6
Slings         | 1 2 3 4 5 6 7 8 9 10 11 12 13 14 15 | 15.6
Bows           | 1 2 3 4 5 6 7 8 9 10 11 12 13 14 15 | 15.6
Crossbows      | 1 2 3 4 5 6 7 8 9 10 11 12 13 14 15 | 15.6
Throwing       | 1 2 3 4 5 6 7 8 9 10 11 12 13 14 15 | 15.6
Armour         | 1 2 3 4 5 6 7 8 9 10 11 12 13 14 15 | 15.6
Shields        | 1 2 3 4 5 6 7 8 9 10 11 12 13 14 15 | 15.6
Unarmed Combat | 1 2 3 4 5 6 7 8 9 10 11 12 13 14 16 17 | 17.5
Evocations     | 1 2 3 4 5 6 7 8 9 10 11 12 13 14 15 | 15.6
Conjurations   | 1 2 3 4 5 6 7 8 9 10 11 12 13 | 13.3
Hexes          | 1 2 3 4 5 6 7 8 9 10 11 12 13 | 13.3
Summonings     | 1 2 3 4 5 6 7 8 9 10 11 12 13 | 13.3
Necromancy     | 1 2 3 4 5 6 7 8 9 10 11 12 13 | 13.3
Translocations | 1 2 3 4 5 6 7 8 9 10 11 12 13 | 13.3
Transmutations | 1 2 3 4 5 6 7 8 9 10 11 12 13 | 13.3
Fire Magic     | 1 2 3 4 5 6 7 8 9 10 11 12 13 | 13.3
Air Magic      | 1 2 3 4 5 6 7 8 9 10 11 12 13 | 13.3
Earth Magic    | 1 2 3 4 5 6 7 8 9 10 11 12 13 | 13.3
Poison Magic   | 1 2 3 4 5 6 7 8 9 10 11 12 13 | 13.3
Dodging        | 5 6 7 8 9 10 11 12 13 14 15 16 | 16.2
Stealth        | 5 6 7 8 9 10 11 12 13 14 15 16 | 16.1
Ice Magic      | 8 9 10 11 12 13 14 | 14.9

Action                   |  1- 3 |  4- 6 |  7- 9 | 10-12 | 13-15 | 16-18 | 19-21 | 22-24 || total
-------------------------+-------+-------+-------+-------+-------+-------+-------+-------++-------
Melee: Unarmed           |     3 |       |       |       |       |       |       |       ||     3
       Hand axe          |    59 |       |       |       |       |       |       |       ||    59
       Bite              |     8 |     5 |    24 |    37 |    63 |    67 |   146 |    87 ||   437
       Dagger            |     2 |    71 |   167 |   221 |   182 |    25 |    45 |    40 ||   753
       Punch             |       |     1 |     6 |    11 |    32 |       |       |       ||    50
       Halberd           |       |       |       |    43 |       |       |       |       ||    43
       Morningstar       |       |       |       |     6 |       |    31 |       |     2 ||    39
       Quarterstaff      |       |       |       |       |     9 |       |       |       ||     9
       Trident           |       |       |       |       |   165 |    95 |       |       ||   260
       Demon trident     |       |       |       |       |       |    61 |    93 |    15 ||   169
       Katana            |       |       |       |       |       |   292 |   633 |    50 ||   975
       Broad axe         |       |       |       |       |       |       |   129 |   251 ||   380
       Rapier            |       |       |       |       |       |       |     5 |    10 ||    15
       Scimitar          |       |       |       |       |       |       |     3 |    30 ||    33
 Fire: Arbalest          |       |       |       |   156 |    69 |       |       |       ||   225
       Hand crossbow     |       |       |       |       |   897 |  1380 |  1299 |   280 ||  3856
Throw: Throwing net      |       |     1 |       |       |       |     1 |     4 |       ||     6
       Boomerang         |       |       |     2 |     4 |       |       |       |       ||     6
       Javelin           |       |       |       |       |       |       |    11 |     9 ||    20
 Cast: Freeze            |    39 |    13 |    19 |       |       |       |       |       ||    71
       Frozen Ramparts   |       |     4 |    13 |    19 |    15 |    21 |    12 |     2 ||    86
       Ozocubu's Armour  |       |       |     6 |     8 |     7 |     4 |     7 |     1 ||    33
       Hailstorm         |       |       |       |    16 |    11 |     9 |    21 |    16 ||    73
       Iskenderun's Myst |       |       |       |       |    17 |    17 |    18 |    10 ||    62
       Necrotize         |       |       |       |       |     5 |     1 |     4 |       ||    10
       Sticky Flame      |       |       |       |       |     4 |     2 |       |       ||     6
       Dispel Undead     |       |       |       |       |    17 |       |       |     2 ||    19
       Airstrike         |       |       |       |       |       |    16 |    24 |       ||    40
       Lee's Rapid Decon |       |       |       |       |       |     4 |    18 |     7 ||    29
       Iron Shot         |       |       |       |       |       |       |     8 |    16 ||    24
       Statue Form       |       |       |       |       |       |       |     2 |     1 ||     3
       Manifold Assault  |       |       |       |       |       |       |       |     1 ||     1
Invok: Wall of Briars    |       |     3 |       |    19 |    34 |    15 |    12 |     7 ||    90
       Grow Ballistomyce |       |       |       |     2 |     4 |    10 |     3 |     4 ||    23
       Overgrow          |       |       |       |       |     1 |     1 |     1 |       ||     3
 Abil: Evoke Blink       |       |       |       |       |     4 |     1 |     5 |     1 ||    11
Evoke: Wand              |       |       |     1 |     3 |     4 |    10 |    12 |    16 ||    46
       Lightning rod     |       |       |       |       |       |     5 |    12 |     1 ||    18
       Tin of tremorston |       |       |       |       |       |       |       |     3 ||     3
       Box of beasts     |       |       |       |       |       |       |       |     1 ||     1
  Use: Potion            |       |     1 |       |     4 |       |     1 |    16 |    19 ||    41
       Scroll            |       |       |    11 |    16 |    10 |     3 |    22 |    11 ||    73
 Stab: Sleeping          |     2 |     9 |     9 |     8 |     9 |    10 |    16 |     6 ||    69
       Distracted        |       |     1 |       |     1 |     1 |     3 |     1 |     2 ||     9
       Held in net/web   |       |     1 |       |       |       |       |     6 |       ||     7
       Confused          |       |       |       |       |       |     1 |     2 |       ||     3
       Invisible         |       |       |       |       |       |       |       |     8 ||     8
Armor: Robe              |    61 |    11 |    47 |    25 |     8 |       |       |       ||   152
       Steam dragon scal |       |       |       |    17 |    20 |       |       |       ||    37
       Leather armour    |       |       |       |       |    64 |       |       |       ||    64
       Troll leather arm |       |       |       |       |    31 |    96 |   121 |       ||   248
       Skin              |       |       |       |       |       |       |     8 |     9 ||    17
       Ring mail         |       |       |       |       |       |       |    57 |    65 ||   122
Dodge: Dodged            |   104 |    25 |   122 |   188 |   293 |   378 |   556 |   193 ||  1859
       Repelled          |       |       |       |       |       |    23 |    12 |     8 ||    43
Block: Other             |       |       |       |    40 |    83 |       |       |       ||   123
       Reflection        |       |       |       |     4 |     3 |    60 |    59 |    55 ||   181
       Buckler           |       |       |       |       |    31 |   375 |   561 |   216 ||  1183

Table legend: (Time is in decaauts)
 A = Elapsed time spent in this place.
 B = Non-inter-level travel time spent in this place.
 C = Inter-level travel time spent in this place.
 D = Time resting spent in this place.
 E = Time spent auto-exploring this place.
 F = Levels seen in this place.
 G = Mean time per level.
                   A        B        C        D        E       F      G
               +--------+--------+--------+--------+--------+-----+--------+
         Total |  80942 |  74964 |   5978 |  33703 |  24270 |  39 | 2075.4 |
       Dungeon |  23034 |  20715 |   2319 |   6986 |   9553 |  15 | 1535.6 |
          Lair |  14503 |  13220 |   1283 |   5999 |   5145 |   6 | 2417.2 |
        Shoals |   5978 |   5532 |    446 |   1743 |   1798 |   4 | 1494.5 |
     Snake Pit |  10096 |   9457 |    639 |   4342 |   1989 |   4 | 2524.0 |
  Orcish Mines |   2940 |   2332 |    608 |   1059 |    694 |   2 | 1470.0 |
   Elven Halls |   7203 |   6954 |    249 |   3904 |   1006 |   3 | 2401.0 |
        Vaults |  17185 |  16754 |    431 |   9667 |   4083 |   5 | 3437.0 |
               +--------+--------+--------+--------+--------+-----+--------+

Top non-repeatable levels by time:
Vaults:2: 6054 daAuts
Vaults:1: 4121 daAuts
  Lair:6: 3476 daAuts
Vaults:4: 3464 daAuts
Vaults:3: 3253 daAuts
 Snake:4: 3238 daAuts
     D:9: 3063 daAuts
  Lair:2: 2977 daAuts
   Elf:1: 2893 daAuts
 Snake:1: 2824 daAuts
  Lair:3: 2525 daAuts
   Elf:3: 2484 daAuts
    D:14: 2468 daAuts
 Snake:2: 2442 daAuts
  Lair:1: 2229 daAuts
